 Dungeon Crawl Stone Soup version 0.31-a0-788-ga445dbd2db (webtiles) character file.

Game seed: 17307724501973192662

38 Revguard the Trooper (level 3, 0/29 HPs)
             Began as a Demonspawn Berserker on Sept 18, 2023.
             Was a Believer of Trog.
             Slain by a bat (1 damage)
             ... on level 2 of the Dungeon.
             The game lasted 00:02:36 (926 turns).

Revguard the Trooper (Demonspawn Berserker)          Turns: 926, Time: 00:02:37

Health: 0/29       AC: 10    Str: 19    XL:     3   Next: 25%
Magic:  3/3        EV:  8    Int:  8    God:    Trog [**....]
Gold:   58         SH:  0    Dex: 12    Spells: 2/2 levels left

rFire   . . .        a - +0 hand axe
rCold   . . .        (no shield)
rNeg    . . .        f - +0 chain mail
rPois   .            (no helmet)
rElec   .            (no cloak)
rCorr   .            (no gloves)
SInv    .            (no boots)
Will    ++...        (no amulet) Stlth
                     (no ring)
HPRegen 1.24/turn    (no ring)
MPRegen 0.08/turn

%: no passive effects
@: mighty, lethally poisoned (0 -> -3), strong-willed, regenerating
A: molten scales 1, demonic touch 1
a: Renounce Religion, Berserk, Trog's Hand


You were on level 2 of the Dungeon.
You worshipped Trog.
Trog was pleased with you.
You visited 1 branch of the dungeon, and saw 2 of its levels.

You collected 58 gold pieces.

Inventory:

Hand Weapons
 a - a +0 hand axe (weapon)
Armour
 b - a +0 animal skin
 f - a +0 chain mail (worn)
Scrolls
 c - a scroll of noise {unknown}
 e - a scroll of amnesia {unknown}
 g - 3 scrolls of identify {unknown}
Potions
 d - a potion of degeneration {unknown}


   Skills:
 * Level 3.4 Fighting
 * Level 3.0 Axes
 + Level 2.1 Armour
 + Level 2.1 Dodging
 + Level 0.9 Evocations


You had 2 spell levels left.
You didn't know any spells.
Your spell library was empty.

Dungeon Overview and Level Annotations

Branches:
Dungeon (2/15)

Altars:
Makhleb


Innate Abilities, Weirdness & Mutations

You are partially covered in molten scales. (AC +2)
Your touch may inflict minor irresistible damage on your foes.


Message History

Found a stone staircase leading down.
You see here a +0 leather armour.
A bat and a kobold come into view.
The kobold is wielding a +2 dagger of venom.
Found 5 stones.
Found a scale mail.
The bat hits you. The kobold hits you but does no damage.
You are poisoned.
You feel sick. The bat hits you but does no damage.
The kobold hits you but does no damage.
You are more poisoned.
You barely miss the kobold.
You feel very sick. The kobold hits you but does no damage.
You are more poisoned.
The bat hits you but does no damage.
You closely miss the kobold. You closely miss the bat.
You feel very sick. The bat hits you but does no damage.
The kobold hits you but does no damage.
You are lethally poisoned!
The kobold hits you but does no damage.
You are more poisoned.
You hit the kobold but do no damage.
You touch the kobold.
You kill the kobold!
Trog accepts your kill.
You feel extremely sick. The bat barely misses you.
* * * LOW HITPOINT WARNING * * *
You feel very sick. The bat barely misses you.
You see here a +2 dagger of venom.
Your skin crawls.
You feel strong-willed.
* * * LOW HITPOINT WARNING * * *
You feel very sick.
It was a potion of might.
You feel very mighty all of a sudden.
* * * LOW HITPOINT WARNING * * *
You feel very sick. The bat barely misses you. The bat hits you.
You die...

#.# ## #.#.# ..
#.#.###. #.#.#..
#.#...#####.
#...........
#####.>.........
........@b...[..
######..########
... #...# #####
...... #.#.# #...#
....:. #.#.###...#
......
#.#.[.....###......
#.####....#........
#. ###.###........
#( #.....'....<...


You could see a bat.

Vanquished Creatures
  An adder (D:2)
  3 ball pythons
  An endoplasm (D:1)
  A giant cockroach (D:1)
  6 goblins
  3 hobgoblins (D:1)
  3 jackals (D:1)
  3 kobolds (D:2)
  3 bats
  3 rats
27 creatures vanquished.

Notes
Turn   | Place    | Note
-------+----------+-------------------------------------------
     0 | D:1      | Revguard the Demonspawn Berserker began the quest for the
                  | Orb.
     0 | D:1      | Reached XP level 1. HP: 18/18 MP: 1/1
   110 | D:1      | Gained mutation: Your touch may inflict minor irresistible
                  | damage on your foes. [demonic ancestry]
   110 | D:1      | Reached XP level 2. HP: 24/24 MP: 2/2
   537 | D:2      | Gained mutation: You are partially covered in molten
                  | scales. (AC +2) [demonic ancestry]
   537 | D:2      | Reached XP level 3. HP: 28/29 MP: 3/3
   585 | D:2      | Found a burning altar of Makhleb.
   594 | D:2      | Identified the +9 rapier of the Special Gods {venom, rPois
                  | rF++ rC+ Stlth-}
   842 | D:2      | Reached ** piety under Trog
   926 | D:2      | HP: 1/29 [poisoned by a kobold]
   926 | D:2      | Slain by a bat

Illustrated notes

Levels and vault maps discovered:
D:1:      minmay_arrival_diagonal_passages, layout_rooms
D:2:      layout_basic, basic_altar

Skill      XL: |  1  2 |
---------------+-------+-----
Armour         | 2 |  2.1
Dodging        | 2 |  2.1
Axes           | 3 |  3.0
Fighting       | |  3.4
Evocations     | |  0.9

Action                     || total
---------------------------++-------
  Melee: Hand axe          ||    68
         Touch             ||     6
         Punch             ||     1
 Invoke: Trog's Hand       ||     1
    Use: Potion            ||     1
 Armour: Animal skin       ||    25
         Chain mail        ||    26
  Dodge: Dodged            ||    55

Table legend: (Time is in decaauts)
 A = Elapsed time spent in this place.
 B = Non-inter-level travel time spent in this place.
 C = Inter-level travel time spent in this place.
 D = Time resting spent in this place.
 E = Time spent auto-exploring this place.
 F = Levels seen in this place.
 G = Mean time per level.
                   A        B        C        D        E       F      G
               +--------+--------+--------+--------+--------+-----+--------+
         Total |    936 |    917 |     19 |      0 |    701 |   2 |  468.0 |
       Dungeon |    936 |    917 |     19 |      0 |    701 |   2 |  468.0 |
               +--------+--------+--------+--------+--------+-----+--------+

Top non-repeatable levels by time:
     D:1: 537 daAuts
     D:2: 399 daAuts
